 Dungeon Crawl Stone Soup version 0.23.2-1-ga50397a6bc (webtiles) character file.

Game seed: 16845922077664616670

1423 Kobolds4U the Cleaver (level 8, -1/74 HPs)
             Began as a Minotaur Berserker on Apr 27, 2019.
             Was a Believer of Trog.
             Slain by an orc warrior
             ... wielding a +0 glaive
              (13 damage)
             ... on level 6 of the Dungeon.
             The game lasted 00:07:58 (4986 turns).

Kobolds4U the Cleaver (Minotaur Berserker)          Turns: 4986, Time: 00:08:00

Health: -1/74      AC: 10    Str: 22    XL:     8   Next: 44%
Magic:  0/7        EV:  8    Int:  5    God:    Trog [**....]
Gold:   251        SH:  0    Dex: 11    Spells: 7/7 levels left

rFire    . . .     SeeInvis .   w - +5 whip
rCold    . . .     Gourm    .   (no shield)
rNeg     . . .     Faith    .   o - +0 chain mail (curse)
rPois    .         Spirit   +   (helmet restricted)
rElec    .         Reflect  .   m - scarf {Spirit}
rCorr    .         Harm     .   v - +0 pair of gloves
MR       ++...                  (no boots)
Stlth    ..........             (no amulet)
HPRegen  1.22/turn              (no ring)
MPRegen  0.10/turn              (no ring)

@: regenerating
A: retaliatory headbutt, horns 2
a: Berserk, Trog's Hand, Renounce Religion


You were on level 6 of the Dungeon.
You worshipped Trog.
Trog was pleased with you.
You were not hungry.

You visited 2 branches of the dungeon, and saw 7 of its levels.

You collected 251 gold pieces.

Inventory:

Hand Weapons
 a - a +0 hand axe
 w - a +5 whip (weapon)
Armour
 d - a +0 cloak
 m - a scarf of spirit shield (worn)
 o - a cursed +0 chain mail (worn)
 s - a cursed +0 chain mail
 v - a +0 pair of gloves (worn)
Jewellery
 e - a +2 ring of intelligence
Wands
 t - a wand of digging (6)
Scrolls
 i - 2 scrolls of remove curse {unknown}
 j - a scroll of fear {unknown}
 k - 5 scrolls of identify
 l - a scroll of fog {unknown}
 p - 3 scrolls of teleportation {unknown}
 r - a scroll of magic mapping {unknown}
 x - a scroll of summoning {unknown}
Potions
 b - 2 potions of heal wounds {unknown}
 f - 5 potions of curing
 g - 2 potions of cancellation {unknown}
 h - a potion of mutation {unknown}
 n - 2 potions of brilliance {unknown}
 u - a potion of magic {unknown}
Comestibles
 c - 10 rations


   Skills:
 + Level 7.6 Fighting
 + Level 10.6 Axes
 + Level 4.0 Armour
 - Level 2.1 Dodging


You had 7 spell levels left.
You didn't know any spells.
Your spell library was empty.

Dungeon Overview and Level Annotations

Branches:
Dungeon (6/15)             Temple (1/1) D:5

Altars:
Ashenzari
Cheibriados
Dithmenos
Elyvilon
Fedhas
Gozag
Hepliaklqana
Kikubaaqudgha
Makhleb
Nemelex Xobeh
Okawaru
Sif Muna
Trog
Uskayaw
Wu Jian
Xom
Yredelemnul
Zin
The Shining One

Annotations:
D:4 3 runed translucent doors, BorisKarlOrff's ghost, amateur MfTm


Innate Abilities, Weirdness & Mutations

You reflexively headbutt those who attack you in melee.
You have a pair of horns on your head.


Message History

An orc comes into view. It is wielding a +0 hand axe.
The ogre hits you with a cursed -1 giant club!
The orc warrior hits you from afar with a +0 glaive!!
* * * LOW HITPOINT WARNING * * *
The orc hits you but does no damage.
The orc priest miscasts a cantrip.
Your skin crawls.
You feel resistant to hostile enchantments.
You feel somewhat more hungry.
The orc shouts!
The orc hits you but does no damage.
The orc wizard mumbles some strange words.
The orc wizard flickers and vanishes!
Deactivating autopickup; reactivate with Ctrl-A.
The orc barely misses you.
An orc comes into view. It is wielding a +0 mace.
The ogre hits you with a cursed -1 giant club!
* * * LOW HITPOINT WARNING * * *
The orc warrior hits you from afar with a +0 glaive!
You die...

....####.)## .....#
#...##### ......
###......#
......###........#
..........##.....###
.o........##.##....#
.{....oo#..#......##
....o.oo#.......:##
.....#o@)#.....##
.....###O..#...#
#.....####...#
##.....# #...#
#.......# #...#
#..#.#....#.###
#..O#.#......# ....
.......#.. ..
o.......# #


You could see an orc warrior, an ogre, an orc priest and 5 orcs.

Vanquished Creatures
  Grinder (D:4)
  Eustachio (D:4)
  An ice beast (D:5)
  A sky beast (D:5)
  A phantom (D:5)
  An ogre (D:4)
  2 scorpions (D:5)
  A crimson imp (D:5)
  A centaur zombie (D:6)
  A jelly (D:5)
  4 orc priests
  A hound (D:4)
  3 orc wizards
  3 worker ants (D:4)
  4 gnolls (D:4)
  2 worker ant zombies (D:5)
  6 adders
  2 shadow imps
  An ooze (D:3)
  An adder zombie (D:5)
  An adder skeleton (D:6)
  3 worms
  3 leopard geckos
  10 orcs
  2 bats
  5 giant cockroaches
  2 hobgoblins
  3 kobolds
  2 quokkas
  A ball python (D:5)
  6 frilled lizards
  7 goblins
  A quokka skeleton (D:5)
  4 rats
88 creatures vanquished.

Vanquished Creatures (others)
  An orc wizard (D:6)
1 creature vanquished.

Grand Total: 89 creatures vanquished

Notes
Turn   | Place    | Note
-------+----------+-------------------------------------------
     0 | D:1      | Kobolds4U the Minotaur Berserker began the quest for the
                  | Orb.
     0 | D:1      | Reached XP level 1. HP: 19/19 MP: 0/0
    44 | D:1      | Reached skill level 4 in Axes
   219 | D:1      | Reached XP level 2. HP: 23/26 MP: 1/1
  1375 | D:2      | Found a blossoming altar of Fedhas.
  1449 | D:3      | Reached skill level 5 in Axes
  1588 | D:3      | Reached XP level 3. HP: 31/31 MP: 2/2
  1883 | D:3      | Reached ** piety under Trog
  2116 | D:3      | Found an ornate altar of the Wu Jian Council.
  2241 | D:4      | Found a glowing golden altar of the Shining One.
  2271 | D:4      | Reached skill level 6 in Axes
  2271 | D:4      | Reached XP level 4. HP: 38/39 MP: 3/3
  2303 | D:4      | Found a white marble altar of Elyvilon.
  2499 | D:4      | Noticed Eustachio
  2510 | D:4      | Reached XP level 5. HP: 36/45 MP: 1/4
  2511 | D:4      | Reached skill level 7 in Axes
  2532 | D:4      | Killed Eustachio
  2532 | D:4      | Reached skill level 8 in Axes
  2532 | D:4      | Reached XP level 6. HP: 51/51 MP: 2/5
  2581 | D:4      | Found a burning altar of Makhleb.
  2668 | D:4      | Noticed Grinder
  2683 | D:4      | Killed Grinder
  2683 | D:4      | Reached skill level 5 in Fighting
  2683 | D:4      | Reached skill level 9 in Axes
  2683 | D:4      | Reached XP level 7. HP: 23/61 MP: 2/6
  2845 | D:4      | Noticed BorisKarlOrff's ghost (amateur MfTm)
  2846 | D:4      | Found a runed translucent gate.
  2846 | D:4      | Found a runed translucent gate.
  2847 | D:4      | Found a runed translucent gate.
  2972 | D:4      | Found a glowing silver altar of Zin.
  3260 | D:5      | Entered Level 5 of the Dungeon
  3771 | D:5      | Reached skill level 10 in Axes
  3814 | D:5      | Reached XP level 8. HP: 71/71 MP: 7/7
  3864 | D:5      | Found a staircase to the Ecumenical Temple.
  3902 | Temple   | Entered the Ecumenical Temple
  4834 | D:5      | Found a sparkling altar of Nemelex Xobeh.
  4986 | D:6      | Slain by an orc warrior

Skill      XL: |  1  2  3  4  5  6  7  8 |
---------------+-------------------------+-----
Axes           | 4 5 6 8 9 10 | 10.6
Fighting       | 5 6 7 |  7.6
Armour         | 4 |  4.0
Dodging        | |  2.1

Action                   |  1- 3 |  4- 6 |  7- 9 || total
-------------------------+-------+-------+-------++-------
Melee: Hand axe          |    85 |    56 |    83 ||   224
       Headbutt          |     8 |    11 |    37 ||    56
       Whip              |       |       |    80 ||    80
Invok: Trog's Hand       |       |     2 |     2 ||     4
       Berserk           |       |     2 |       ||     2
  Use: Scroll            |     1 |       |       ||     1
  Eat: Chunk             |     4 |     3 |     6 ||    13
       Ration            |       |       |     1 ||     1
Armor: Animal skin       |     6 |       |       ||     6
       Chain mail        |    25 |    15 |    70 ||   110
Dodge: Dodged            |    33 |    22 |    53 ||   108
